 Dungeon Crawl Stone Soup version 0.31-a0-150-g89dc3ad700 (webtiles) character file.

Game seed: 1116141182576436556

33 qw the Shooter (level 3, 0/31 HPs)
             Began as a Minotaur Hunter on June 8, 2023.
             Slain by a goblin
             ... wielding a +0 dagger
             ... led by Robin
              (4 damage)
             ... on level 2 of the Dungeon.
             The game lasted 00:00:21 (977 turns).

qw the Shooter (Minotaur Hunter)                     Turns: 977, Time: 00:00:22

Health: 0/31       AC:  3    Str: 15    XL:     3   Next: 12%
Magic:  2/2        EV: 12    Int:  6    God:
Gold:   61         SH:  0    Dex: 15    Spells: 2/2 levels left

rFire   . . .        Y - +0 shortbow
rCold   . . .        (shield currently unavailable)
rNeg    . . .        c - +0 leather armour
rPois   .            (helmet restricted)
rElec   .            (no cloak)
rCorr   .            (no gloves)
SInv    .            (no boots)
Will    .....        (no amulet)
Stlth   +            (no ring)
HPRegen 0.25/turn    (no ring)
MPRegen 0.08/turn

%: no passive effects
@: no status effects
A: horns 2, retaliatory headbutt
a: no special abilities


You were on level 2 of the Dungeon.
You visited 1 branch of the dungeon, and saw 2 of its levels.

You collected 61 gold pieces.


Innate Abilities, Weirdness & Mutations

You have a pair of horns on your head.
You reflexively headbutt those who attack you in melee.


   Skills:
 - Level 3.0 Fighting
 + Level 5.3 Ranged Weapons
 - Level 2.1 Dodging
 - Level 0.7 Stealth


You had 2 spell levels left.
You didn't know any spells.
Your spell library was empty.

Inventory:

Hand Weapons
 Y - a +0 shortbow (weapon)
Armour
 c - a +0 leather armour (worn)
Scrolls
 e - 2 scrolls of identify
Potions
 a - a potion of lignification {unknown}
 d - a potion of ambrosia {unknown}

Dungeon Overview and Level Annotations

Branches:
Dungeon (2/15)

Altars:

Annotations:
D:2 Robin


Message History

The kobold hits you with a +0 short sword.
Robin throws the goblin at you!
A goblin comes into view. It is wielding a +0 dagger.
You shoot an arrow.
The arrow hits Robin but does no damage.
The goblin barely misses you. The kobold misses you.
Robin roars a battlecry!
The goblin goes into a battle-frenzy!
The goblin hits you with a +0 dagger.
A goblin comes into view. It is wielding a +0 dagger.
The kobold hits you with a +0 short sword.
Robin throws the goblin at you!
You hear a shout! x2
You shoot an arrow. The arrow hits Robin.
Robin is moderately wounded.
You hear an angry hiss.
The goblin no longer looks unusually strong.
The goblin closely misses you. The kobold misses you.
The goblin closely misses you. Robin hits you with a +0 dagger.
You shoot an arrow.
The arrow hits Robin but does no damage.
Robin is moderately wounded.
The goblin barely misses you. The kobold hits you but does no damage.
Robin roars a battlecry!
The goblin goes into a battle-frenzy!
A goblin comes into view. It is wielding a +0 club.
The goblin hits you with a +0 dagger.
You shoot an arrow. The arrow hits Robin.
Robin is heavily wounded.
The goblin hits you with a +0 dagger.
A goblin comes into view. It is wielding a +0 club.
The kobold barely misses you. You furiously retaliate!
You headbutt the kobold.
You kill the kobold!
The goblin hits you with a +0 dagger.
Robin roars a battlecry!
The goblin goes into a battle-frenzy!
You shoot an arrow. The arrow hits Robin.
Robin is severely wounded.
The goblin hits you with a +0 dagger.
You die...

#########.#.#.....#
#.......#.#.#......
#.......#...######.
#...%.....### #.
#.......#># #.
##.........# #.
#.........## ..
###%g.g.....# ..#
#.gbg@g.....# ##
#.g####....... #..
#....... ..gg
...... K##.. ....<
.. g.. .... . ##..
.


Kg# You could see Robin, 5 goblins and a bat.

Vanquished Creatures
  A worm (D:2)
  3 ball pythons
  3 endoplasms (D:1)
  A giant cockroach (D:1)
  6 goblins
  6 hobgoblins
  A bat (D:2)
  3 frilled lizards (D:1)
  A kobold (D:2)
  2 rats
27 creatures vanquished.

Notes
Turn   | Place    | Note
-------+----------+-------------------------------------------
     0 | D:1      | qw the Minotaur Hunter began the quest for the Orb.
     0 | D:1      | Reached XP level 1. HP: 18/18 MP: 0/0
     0 | D:1      | 0 ||| qw: Version: 0.2-a-119-g0488c42
     0 | D:1      | 0 ||| qw: Game counter: 2716
     0 | D:1      | 0 ||| qw: Always use a shield: true
     0 | D:1      | 0 ||| qw: God list: Okawaru
     0 | D:1      | 0 ||| qw: Allow faded altars: false
     0 | D:1      | 0 ||| qw: Do Orc after D:15 true
     0 | D:1      | 0 ||| qw: Do second Lair branch before Depths: true
     0 | D:1      | 0 ||| qw: Lair rune preference: random
     0 | D:1      | 0 ||| qw: Plans: Normal
     0 | D:1      | 0 ||| PLANNING D:1-11
   263 | D:1      | 263 ||| READING scroll labelled NYRIATHURA.
   264 | D:1      | 264 ||| READING scroll labelled FAUSIA ODISINA.
   265 | D:1      | 265 ||| DROPPING scroll of butterflies.
   313 | D:1      | Reached XP level 2. HP: 25/25 MP: 1/1
   324 | D:1      | Found a faded altar of an unknown god.
   341 | D:1      | Reached skill level 5 in Ranged Weapons
   836 | D:1      | 836 ||| READING scroll labelled YBOSUPLOPEQ.
   837 | D:1      | 837 ||| READING 2 scrolls labelled HEETUG ZUGADU.
   838 | D:1      | 838 ||| READING scroll labelled PYIS FIZUOQ.
   850 | D:2      | Reached skill level 3 in Fighting
   959 | D:2      | Noticed Robin
   960 | D:2      | 960 ||| Stepping ~*~*~tactically~*~*~ (outnumbered).
   965 | D:2      | Reached XP level 3. HP: 28/31 MP: 2/2
   966 | D:2      | 966 ||| Stepping ~*~*~tactically~*~*~ (outnumbered).
   976 | D:2      | HP: 4/31 [goblin/+0 dagger[Robin] (4)]
   977 | D:2      | Slain by a goblin

Levels and vault maps discovered:
D:1:      dpeg_arrival_rhombus, layout_basic, ebering_ecumenical_altar_box,
          hangedman_glass_teeth, minmay_misc_feat_iff
D:2:      layout_rooms, uniq_robin

Skill      XL: |  1  2 |
---------------+-------+-----
Ranged Weapons | 5 |  5.3
Fighting       | 3 |  3.0
Dodging        | |  2.1
Stealth        | |  0.7

Action                     || total
---------------------------++-------
   Fire: Shortbow          ||    87
    Use: Scroll            ||     5
 Armour: Leather armour    ||     9
  Dodge: Dodged            ||    31

Table legend:
 A = Non-vault XP
 B = Vault XP
 C = Vault XP percentage of total XP
 D = Non-vault monster count
 E = Vault monster count
 F = Vault count percentage of total count
                 A         B        C        D         E       F
            +---------+---------+-------+---------+---------+-------
      Total |      39 |       9 |  18.8 |      22 |       5 |  18.5
            +---------+---------+-------+---------+---------+-------
        D:1 |      27 |       0 |   0.0 |      16 |       0 |   0.0
        D:2 |      12 |       9 |  42.9 |       6 |       5 |  45.5
            +---------+---------+-------+---------+---------+-------
